 Dungeon Crawl Stone Soup version 0.31-a0-18-gea43df2a32 (webtiles) character file.

Game seed: 12176573413814758263

229 scionoferis the Magician (level 6, 0/45 HPs)
             Began as a Djinni Warper on May 12, 2023.
             Killed by divine providence
             ... invoked by an orc priest
              (8 damage)
             ... on level 4 of the Dungeon.
             The game lasted 00:10:23 (3525 turns).

scionoferis the Magician (Djinni Warper)            Turns: 3525, Time: 00:10:23

Health: 0/45       AC:  4    Str: 10    XL:     6   Next: 23%
Gold:   98         EV: 11    Int: 16    God:
                   SH:  0    Dex: 13

rFire   + + .        a - +0 falchion
rCold   x . .        (no shield)
rNeg    . . .        b - +0 leather armour
rPois   ∞            (no helmet)
rElec   .            v - +0 cloak
rCorr   .            (no gloves)
SInv    .            (boots unavailable)
Will    .....        (no amulet)
Stlth   ++           (no ring)
HPRegen 0.27/turn    (no ring)
MPRegen 0.00/turn

%: infuse magic (-1 HP)
@: mighty, flying
A: sickness immunity, fire resistance 2, cold vulnerability 1, float, innate
caster, HP casting, extra vitality 1
a: no special abilities


You were on level 4 of the Dungeon.
You visited 1 branch of the dungeon, and saw 4 of its levels.

You collected 98 gold pieces.


Innate Abilities, Weirdness & Mutations

You are immune to sickness and miasma.
You are immune to poison.
Your flesh is very heat resistant. (rF++)
You are vulnerable to cold. (rC-)
You float through the air rather than walking.
You learn spells naturally, not from books.
Your magical power is your life essence.
You have superior vitality. (+4 MHP)


   Skills:
 + Level 2.9 Fighting
 * Level 3.4 Long Blades
 - Level 0.7 Throwing
 - Level 1.0 Armour
 - Level 2.1 Dodging
 + Level 2.0 Stealth
 * Level 3.4 Spellcasting


You knew the following spells:

 Your Spells              Type           Power      Damage    Failure   Level
a - Blink                 Tloc           26%        N/A       9%          2
b - Lesser Beckoning      Tloc           26%        N/A       9%          2
c - Vhi's Electric Charg  Tloc/Air       26%        N/A       17%         3
d - Teleport Other        Tloc           13%        N/A       17%         3
e - Manifold Assault      Tloc           13%        N/A       50%         4
f - Freeze                Ice            52%        1d6       6%          1
g - Poisonous Vapours     Pois/Air       26%        N/A       9%          2
Your spell library was empty.

Inventory:

Hand Weapons
 a - a +0 falchion (weapon)
 d - a +0 dagger
   (You found it on level 1 of the Dungeon)
 q - a +0 long sword
   (You found it on level 3 of the Dungeon)
Missiles
 f - 6 boomerangs of dispersal
 j - 4 poisoned darts
 p - 8 boomerangs (quivered)
Armour
 b - a +0 leather armour (worn)
 v - a +0 cloak (worn)
   (You found it on level 4 of the Dungeon)
Scrolls
 c - a scroll of blinking
 g - a scroll of identify {unknown}
 h - a scroll of fear {unknown}
 i - a scroll of enchant armour {unknown}
 m - a scroll of immolation {unknown}
 o - 2 scrolls of noise {unknown}
 r - a scroll of amnesia {unknown}
Potions
 e - a potion of flight {unknown}
 k - a potion of might
 l - a potion of magic {unknown}
 n - a potion of invisibility {unknown}
 s - a potion of curing {unknown}
 t - a potion of ambrosia {unknown}
 u - a potion of berserk rage {unknown}

Dungeon Overview and Level Annotations

Branches:
Dungeon (4/15)
 Temple: D:4-7

Altars:
Okawaru

Annotations:
D:3 Terence

#...... #...... '....[.
#...... #...... #......
#......##################
........o@....)...#....<#
#################.#.#####
#.#....# #########.####.#
#....†....# #.#
#.######### #.# #.# #.#
#.# #.# #.# #.#


You could see an orc priest.


Message History

You hit the giant cockroach but do no damage.
The giant cockroach barely misses you.
You hit the giant cockroach.
The giant cockroach is almost dead.
The giant cockroach barely misses you. The giant cockroach closely misses you.
You barely miss the giant cockroach.
The giant cockroach is almost dead.
The giant cockroach bites you but does no damage.
You hit the giant cockroach.
You kill the giant cockroach!
You have reached level 5!
The power to cast Poisonous Vapours wells up from within.
Spell assigned to 'g'.
A goblin comes into view. It is wielding a +0 dagger.
The goblin shouts!
You miss the goblin. The goblin hits you with a +0 dagger.
You closely miss the goblin. The goblin closely misses you.
You slash the goblin!
You kill the goblin!
No target in view!
No target in view!
Found a frilled lizard skeleton and a spear.
o - a scroll labelled PYUGUE POTI 3 kobolds come into view.
The kobold shouts! x2; You hear a shout!
You hear an angry hiss.
A kobold comes into view. It is wielding a +0 dagger.
Things that are here:
a +0 dagger; a goblin corpse You see here a +0 robe.
You hit the kobold but do no damage. The kobold hits you but does no damage.
You hit the kobold.
The kobold is moderately wounded.
The kobold hits you with a +0 short sword.
You hit the kobold.
You kill the kobold!
The kobold hits you with a +0 whip.
You hit the kobold but do no damage. The kobold hits you with a +0 whip.
You hit the kobold.
The kobold is moderately wounded.
The kobold barely misses you.
You hit the kobold.
You kill the kobold!
You completely miss the kobold. The kobold closely misses you.
You hit the kobold but do no damage.
The kobold hits you with a +0 short sword.
You closely miss the kobold. The kobold closely misses you.
The kobold hits you with a +0 short sword.
You hit the kobold.
You kill the kobold!
You closely miss the kobold. The kobold barely misses you.
You hit the kobold.
The kobold is heavily wounded.
The kobold misses you.
You barely miss the kobold.
The kobold is heavily wounded.
The kobold barely misses you.
You closely miss the kobold.
The kobold is heavily wounded.
The kobold closely misses you. The kobold hits you but does no damage.
You closely miss the kobold.
The kobold is heavily wounded.
The kobold hits you with a +0 dagger.
You miss the kobold.
The kobold is heavily wounded.
The kobold hits you with a +0 dagger.
You hit the kobold.
You kill the kobold!
Items here: ( )))) [ ††.
Okay, then.
Found a rat skeleton.
You reach down and open the door.
There is an open door here.
Found a rat skeleton.
A frilled lizard comes into view.
A rat comes into view.
A kobold comes into view. It is wielding a +0 dagger.
Found a rat skeleton.
The frilled lizard hisses angrily.
You closely miss the frilled lizard. The frilled lizard bites you.
You hit the frilled lizard.
You kill the frilled lizard!
You slash the kobold!
You kill the kobold!
You barely miss the rat. The rat misses you.
You hit the rat.
The rat is moderately wounded.
The rat bites you but does no damage.
You barely miss the rat.
The rat is moderately wounded.
The rat barely misses you. x2
You closely miss the rat. The rat barely misses you.
You barely miss the rat. The rat barely misses you.
You hit the rat but do no damage. The rat bites you but does no damage.
You barely miss the rat. The rat completely misses you.
You hit the rat but do no damage. The rat bites you but does no damage.
You closely miss the rat. The rat bites you.
The rat bites you but does no damage.
You closely miss the rat. The rat bites you.
You closely miss the rat. The rat closely misses you.
You hit the rat.
The rat is moderately wounded.
The rat closely misses you.
You hit the rat.
You kill the rat!
No target in view!
A frilled lizard comes into view.
The frilled lizard hisses angrily.
You hit the frilled lizard but do no damage.
The frilled lizard barely misses you.
You hit the frilled lizard.
You kill the frilled lizard!
No target in view!
No target in view!
Items here: ) †††.
You see here a frilled lizard skeleton.
There is an open door here.
There is an open door here.
Items here: ) †††.
Items here: ( )))) [ ††.
There is an open door here.
There is a stone staircase leading down here.
An orc comes into view. It is wielding a +0 club.
The helpless orc fails to defend itself.
You hit the orc.
The orc is lightly wounded.
The orc barely misses you.
You hit the orc.
The orc is severely wounded.
The orc suddenly jeers, in orcish tradition.
The orc hits you with a +0 club.
You hit the orc but do no damage. You punch the orc, but do no damage.
The orc is severely wounded.
The orc hits you but does no damage.
You barely miss the orc.
The orc is severely wounded.
The orc closely misses you.
You hit the orc.
You kill the orc!
No target in view!
No target in view!
Things that are here:
a +0 club; a +0 leather armour; an orc corpse
Found a stone staircase leading up.
Things that are here:
a +0 club; a +0 leather armour; an orc corpse A bat comes into view.
A bat is nearby!
The bat completely misses you. The bat closely misses you.
You hit the bat.
You kill the bat!
No target in view!
You see here a bat corpse.
You see here a +2 war axe of venom.
No target in view!
Found an escape hatch in the floor.
Search for what [Enter for "dagger", or ? for help]? d: You now have 61 gold pieces (gained 10).
You see here a bat corpse.
There is an open door here.
Items here: ( )))) [ ÷.
Items here: ) ÷÷÷.
Partly explored, can't reach some places.
You hit the bush.
The bush is lightly damaged.
You hit the bush but do no damage.
The bush is lightly damaged.
You hit the bush.
The bush is lightly damaged.
You hit the bush but do no damage.
The bush is lightly damaged.
You hit the bush but do no damage.
The bush is lightly damaged.
You hit the bush.
The bush is lightly damaged.
You hit the bush but do no damage.
The bush is lightly damaged.
You hit the bush but do no damage.
The bush is lightly damaged.
You hit the bush.
The bush is lightly damaged.
You hit the bush but do no damage.
The bush is lightly damaged.
You hit the bush.
The bush is lightly damaged.
You hit the bush.
The bush is lightly damaged.
You hit the bush.
The bush is lightly damaged.
You hit the bush but do no damage.
The bush is lightly damaged.
You hit the bush but do no damage.
The bush is lightly damaged.
You hit the bush but do no damage.
The bush is lightly damaged.
You hit the bush but do no damage.
The bush is lightly damaged.
You hit the bush but do no damage.
The bush is lightly damaged.
You hit the bush but do no damage.
The bush is lightly damaged.
You hit the bush but do no damage.
The bush is lightly damaged.
You slash the bush!
The bush is moderately damaged.
You hit the bush but do no damage.
The bush is moderately damaged.
You hit the bush but do no damage.
The bush is moderately damaged.
You hit the bush.
The bush is moderately damaged.
You hit the bush but do no damage.
The bush is moderately damaged.
You hit the bush but do no damage.
The bush is moderately damaged.
You hit the bush.
The bush is moderately damaged.
You hit the bush but do no damage.
The bush is moderately damaged.
You hit the bush.
The bush is moderately damaged.
You hit the bush but do no damage.
The bush is moderately damaged.
You hit the bush but do no damage.
The bush is moderately damaged.
You hit the bush but do no damage.
The bush is moderately damaged.
You slash the bush!
The bush is moderately damaged.
You hit the bush but do no damage.
The bush is moderately damaged.
You hit the bush but do no damage. You punch the bush, but do no damage.
The bush is moderately damaged.
You hit the bush but do no damage.
The bush is moderately damaged.
You hit the bush but do no damage.
The bush is moderately damaged.
You hit the bush but do no damage.
The bush is moderately damaged.
You hit the bush.
The bush is moderately damaged.
You hit the bush but do no damage.
The bush is moderately damaged.
You hit the bush but do no damage.
The bush is moderately damaged.
You hit the bush but do no damage.
The bush is moderately damaged.
You hit the bush but do no damage.
The bush is moderately damaged.
You hit the bush.
The bush is moderately damaged.
You hit the bush but do no damage.
The bush is moderately damaged.
You slash the bush!
The bush is heavily damaged.
You hit the bush but do no damage.
The bush is heavily damaged.
You hit the bush but do no damage.
The bush is heavily damaged.
You hit the bush but do no damage.
The bush is heavily damaged.
You hit the bush but do no damage.
The bush is heavily damaged.
You completely miss the bush.
The bush is heavily damaged.
You hit the bush but do no damage.
The bush is heavily damaged.
You hit the bush but do no damage.
The bush is heavily damaged.
You hit the bush.
The bush is heavily damaged.
You hit the bush but do no damage.
The bush is heavily damaged.
You hit the bush but do no damage.
The bush is heavily damaged.
You hit the bush but do no damage.
The bush is heavily damaged.
You hit the bush.
The bush is heavily damaged.
You hit the bush but do no damage.
The bush is heavily damaged.
You hit the bush but do no damage.
The bush is heavily damaged.
You hit the bush.
The bush is heavily damaged.
You hit the bush but do no damage.
The bush is heavily damaged.
You hit the bush but do no damage.
The bush is heavily damaged.
You hit the bush.
The bush is heavily damaged.
You hit the bush but do no damage.
The bush is heavily damaged.
You hit the bush but do no damage.
The bush is heavily damaged.
You hit the bush but do no damage.
The bush is heavily damaged.
You hit the bush but do no damage.
The bush is heavily damaged.
You hit the bush.
The bush is heavily damaged.
You hit the bush but do no damage.
The bush is heavily damaged.
You hit the bush but do no damage.
The bush is heavily damaged.
You completely miss the bush.
The bush is heavily damaged.
You hit the bush but do no damage.
The bush is heavily damaged.
You hit the bush but do no damage.
The bush is heavily damaged.
You hit the bush but do no damage.
The bush is heavily damaged.
You hit the bush but do no damage.
The bush is heavily damaged.
You hit the bush but do no damage. You punch the bush.
The bush is severely damaged.
You hit the bush.
The bush is severely damaged.
You hit the bush but do no damage.
The bush is severely damaged.
You hit the bush.
The bush is severely damaged.
You hit the bush but do no damage.
The bush is severely damaged.
You hit the bush but do no damage.
The bush is severely damaged.
You hit the bush but do no damage.
The bush is severely damaged.
You hit the bush but do no damage.
The bush is severely damaged.
You hit the bush but do no damage.
The bush is severely damaged.
You hit the bush but do no damage.
The bush is severely damaged.
You hit the bush.
The bush is severely damaged.
You hit the bush but do no damage.
The bush is severely damaged.
You hit the bush but do no damage.
The bush is severely damaged.
You slash the bush!
The bush is severely damaged.
You hit the bush but do no damage.
The bush is severely damaged.
You hit the bush but do no damage.
The bush is severely damaged.
You hit the bush but do no damage.
The bush is severely damaged.
You hit the bush.
The bush is almost destroyed.
You hit the bush but do no damage.
The bush is almost destroyed.
You hit the bush but do no damage.
The bush is almost destroyed.
You hit the bush but do no damage.
The bush is almost destroyed.
You hit the bush but do no damage.
The bush is almost destroyed.
You hit the bush but do no damage.
The bush is almost destroyed.
You hit the bush but do no damage.
The bush is almost destroyed.
You hit the bush but do no damage.
The bush is almost destroyed.
You hit the bush but do no damage.
The bush is almost destroyed.
You completely miss the bush.
The bush is almost destroyed.
You hit the bush but do no damage.
The bush is almost destroyed.
You hit the bush but do no damage.
The bush is almost destroyed.
You hit the bush but do no damage.
The bush is almost destroyed.
You hit the bush but do no damage.
The bush is almost destroyed.
You hit the bush.
The bush is almost destroyed.
You hit the bush.
The bush is almost destroyed.
You hit the bush but do no damage.
The bush is almost destroyed.
You hit the bush but do no damage.
The bush is almost destroyed.
You hit the bush but do no damage.
The bush is almost destroyed.
You hit the bush but do no damage.
The bush is almost destroyed.
You hit the bush.
The bush is almost destroyed.
You hit the bush but do no damage.
The bush is almost destroyed.
You hit the bush but do no damage.
The bush is almost destroyed.
You hit the bush but do no damage.
The bush is almost destroyed.
You hit the bush.
The bush is almost destroyed.
You hit the bush but do no damage.
The bush is almost destroyed.
You hit the bush but do no damage.
The bush is almost destroyed.
You hit the bush.
The bush is almost destroyed.
You hit the bush but do no damage.
The bush is almost destroyed.
You hit the bush but do no damage.
The bush is almost destroyed.
You hit the bush but do no damage.
The bush is almost destroyed.
You hit the bush but do no damage.
The bush is almost destroyed.
You hit the bush but do no damage.
The bush is almost destroyed.
You slash the bush!
The bush is almost destroyed.
You hit the bush but do no damage.
The bush is almost destroyed.
You hit the bush but do no damage.
The bush is almost destroyed.
You hit the bush but do no damage.
The bush is almost destroyed.
You hit the bush but do no damage.
The bush is almost destroyed.
You hit the bush but do no damage. You punch the bush, but do no damage.
The bush is almost destroyed.
You hit the bush but do no damage.
The bush is almost destroyed.
You hit the bush but do no damage.
The bush is almost destroyed.
You hit the bush but do no damage.
The bush is almost destroyed.
You hit the bush but do no damage.
The bush is almost destroyed.
You hit the bush but do no damage.
The bush is almost destroyed.
You hit the bush.
You destroy the bush!
You slash the plant!
The plant begins to die.
The plant is lightly damaged.
You slash the plant!
The plant is lightly damaged.
You hit the plant.
The plant is lightly damaged.
A nearby plant withers and dies.
Done exploring.
You see here a +0 dagger.
Items here: ( )))) [.
There is a stone staircase leading down here.
You fly downwards.
There is a stone staircase leading up here.
Terence the Incautious comes into view.
He is wielding a +4 heavy hand axe.
There is a stone staircase leading up here.
You fly upwards.
There is a stone staircase leading down here.
There is a stone staircase leading down here.
You fly downwards.
Level annotation: Terence
There is a stone staircase leading up here.
Found a ring mail.
You now have 72 gold pieces (gained 11).
You reach down and open the door.
Found 13 stones.
There is an open door here.
p - 6 boomerangs
p - 8 boomerangs (gained 2)
There is an open door here.
o - 2 scrolls labelled PYUGUE POTI (gained 1)
You reach down and open the door.
There is an open door here.
Found a blue potion.
An adder comes into view.
The adder hisses angrily.
The adder barely misses you.
You closely miss the adder. The adder bites you.
You miss the adder. The adder completely misses you.
The adder bites you but does no damage.
You hit the adder but do no damage. The adder bites you but does no damage.
You hit the adder.
The adder is heavily wounded.
The adder misses you. The adder bites you.
You hit the adder but do no damage.
The adder is heavily wounded.
The adder barely misses you. The adder bites you.
You hit the adder but do no damage. You punch the adder, but do no damage.
The adder is heavily wounded.
The adder barely misses you.
You hit the adder.
You kill the adder!
Your Long Blades skill increases to level 3!
No target in view!
No target in view!
No target in view!
HP restored.
A kobold comes into view. It is wielding a +0 club.
Found an escape hatch in the ceiling.
You see here an adder corpse.
The kobold shouts!
A ball python comes into view.
An endoplasm comes into view.
You barely miss the kobold. The kobold hits you but does no damage.
The kobold misses you.
You miss the kobold. The kobold hits you with a +0 club.
You closely miss the kobold. The kobold barely misses you.
You closely miss the kobold. The kobold hits you but does no damage.
You hit the kobold.
You kill the kobold!
No target in view!
The ball python hisses angrily.
Things that are here:
a +0 club; an adder corpse You barely miss the ball python.
The ball python bites you. The ball python barely misses you.
You closely miss the ball python. The ball python bites you.
The ball python grabs you. The ball python constricts you.
The ball python barely misses you. The ball python constricts you.
You barely miss the ball python. Your punch misses the ball python.
The ball python bites you. The ball python constricts you.
You hit the ball python.
The ball python is heavily wounded.
The ball python barely misses you. The ball python constricts you.
You slash the ball python!
You kill the ball python!
No target in view!
No target in view!
An endoplasm is nearby!
The endoplasm quivers.
You hit the endoplasm but do no damage. The endoplasm hits you.
You hit the endoplasm.
The endoplasm is severely wounded.
The endoplasm barely misses you.
You hit the endoplasm.
The endoplasm is almost dead.
The endoplasm closely misses you.
You hit the endoplasm.
You kill the endoplasm!
No target in view!
Things that are here:
a +0 club; a ball python corpse; an adder corpse
Found a scale mail.
Found a long sword.
A rat comes into view.
Search for what [Enter for "d:", or ? for help]? long A rat is nearby!
You see here a +0 long sword.
q - a +0 long sword
There is an open door here.
There is a fountain of clear blue water here.
You reach down and open the door.
There is an open door here.
You see here a staff of poison.
Found an iron altar of Okawaru.
A ball python comes into view.
The ball python hisses angrily.
A kobold comes into view. It is wielding a +0 short sword.
You closely miss the ball python.
The ball python bites you but does no damage.
The ball python completely misses you.
You barely miss the ball python.
The kobold shouts!
Your punch misses the ball python.
The ball python bites you but does no damage.
The ball python grabs you. The ball python constricts you.
The ball python bites you but does no damage.
The ball python constricts you.
You hit the ball python.
You kill the ball python!
You hit the kobold.
The kobold is heavily wounded.
The kobold hits you but does no damage.
You hit the kobold.
The kobold is severely wounded.
The kobold hits you with a +0 short sword.
You hit the kobold.
You kill the kobold!
You now have 79 gold pieces (gained 7).
You see here a +0 short sword.
Found a faded altar of an unknown god.
Found an escape hatch in the floor.
A bat comes into view.
Found a book of Changes.
The helpless bat fails to defend itself.
You hit the bat.
You kill the bat!
No target in view!
A goblin comes into view. It is wielding a +0 dagger.
The helpless goblin fails to defend itself.
You hit the goblin.
You kill the goblin!
No target in view!
An adder comes into view.
Found a stone staircase leading down.
Found a scroll labelled MOUNIU DYECINE.
There is a stone staircase leading down here.
Found a blue potion.
f - a +0 dagger (weapon)
The helpless adder fails to defend itself.
You puncture the adder!
The adder is heavily wounded.
The adder bites you. The adder bites you but does no damage.
Adjust to which letter? (? for menu, Esc to quit)
d - a +0 dagger (weapon);
f - 6 boomerangs of dispersal
a - a +0 falchion (weapon)
You hit the adder.
The adder is almost dead.
The adder barely misses you. The adder bites you.
You hit the adder.
You kill the adder!
No target in view!
Found a stone staircase leading up.
r - a scroll labelled MOUNIU DYECINE You see here an adder corpse.
s - a blue potion A rat is nearby!
The rat bites you.
You hit the rat but do no damage. The rat closely misses you.
You barely miss the rat. The rat closely misses you.
You hit the rat but do no damage. The rat bites you.
You barely miss the rat. The rat bites you but does no damage.
You hit the rat but do no damage. The rat barely misses you.
You closely miss the rat. The rat bites you but does no damage.
The rat bites you.
You closely miss the rat. The rat bites you.
You closely miss the rat. The rat closely misses you.
You closely miss the rat. The rat closely misses you.
You completely miss the rat. The rat bites you but does no damage.
You hit the rat.
You kill the rat!
No target in view!
Unknown command.
A bat comes into view.
You miss the bat. The bat hits you. The bat barely misses you.
You hit the bat.
You kill the bat!
No target in view!
An adder comes into view.
The adder hisses angrily.
You completely miss the adder. The adder completely misses you.
The adder barely misses you.
You barely miss the adder. The adder completely misses you.
You closely miss the adder. The adder completely misses you.
The adder barely misses you.
You hit the adder.
The adder is heavily wounded.
The adder bites you.
You barely miss the adder.
The adder is heavily wounded.
The adder barely misses you. The adder bites you.
You barely miss the adder.
The adder is heavily wounded.
The adder bites you.
You barely miss the adder.
The adder is heavily wounded.
The adder bites you but does no damage. The adder closely misses you.
You hit the adder but do no damage.
The adder is heavily wounded.
The adder bites you.
You hit the adder.
The adder is severely wounded.
The adder bites you but does no damage. The adder barely misses you.
You slash the adder!
You kill the adder!
No target in view!
No target in view!
Unknown command.
An orc comes into view. It is wielding a +0 short sword.
An adder comes into view.
The orc shouts!
You hit the orc.
The orc is heavily wounded.
The orc hits you with a +0 short sword.
You barely miss the orc.
The orc is heavily wounded.
An endoplasm comes into view.
The orc hits you with a +0 short sword.
You hit the orc.
The orc is severely wounded.
The orc hits you with a +0 short sword. The orc closely misses you.
You slash the orc!
You kill the orc!
You closely miss the adder. The adder bites you but does no damage.
The adder barely misses you.
You hit the adder but do no damage. The adder bites you.
You barely miss the adder. The adder closely misses you. The adder bites you.
You slash the adder!
The adder is severely wounded.
The adder bites you.
You slash the adder!
You kill the adder!
You hit the endoplasm.
The endoplasm is lightly wounded.
The endoplasm closely misses you.
You barely miss the endoplasm.
The endoplasm is lightly wounded.
The endoplasm freezes you.
You are frozen.
You feel a terrible chill! The endoplasm freezes you.
You are frozen.
You feel a terrible chill!
You are too injured to fight recklessly!
You are too injured to fight recklessly!
You are too injured to fight recklessly!
You hit the endoplasm.
The endoplasm is heavily wounded.
The endoplasm freezes you.
You are frozen!
You feel a terrible chill!
You hit the endoplasm.
The endoplasm is severely wounded.
The endoplasm misses you.
You barely miss the endoplasm.
The endoplasm is severely wounded.
The endoplasm hits you.
* * * LOW HITPOINT WARNING * * *
You hit the endoplasm.
You kill the endoplasm!
t - a murky grey potion You now have 85 gold pieces (gained 6).
Things that are here:
a +0 short sword; an adder corpse; an orc corpse
Found a stone staircase leading down.
Found 6 stones.
You now have 98 gold pieces (gained 13).
You see here 6 stones.
A hobgoblin comes into view.
A hobgoblin is nearby!
The hobgoblin shouts!
You barely miss the hobgoblin. The hobgoblin hits you.
You closely miss the hobgoblin. The hobgoblin barely misses you.
You closely miss the hobgoblin. The hobgoblin closely misses you.
You barely miss the hobgoblin.
The hobgoblin hits you but does no damage.
The hobgoblin barely misses you.
You barely miss the hobgoblin. The hobgoblin misses you.
You hit the hobgoblin.
The hobgoblin is moderately wounded.
The hobgoblin hits you but does no damage.
You closely miss the hobgoblin.
The hobgoblin is moderately wounded.
The hobgoblin closely misses you.
You hit the hobgoblin.
You kill the hobgoblin!
No target in view!
No target in view!
You see here a hobgoblin corpse.
u - a glowing red potion A hobgoblin comes into view.
The hobgoblin shouts!
You hit the hobgoblin.
The hobgoblin is almost dead.
The hobgoblin hits you but does no damage.
You barely miss the hobgoblin.
The hobgoblin is almost dead.
The hobgoblin barely misses you.
You completely miss the hobgoblin.
The hobgoblin is almost dead.
The hobgoblin barely misses you.
You hit the hobgoblin.
You kill the hobgoblin!
Things that are here:
a +0 short sword; an adder skeleton; an orc skeleton
There is an escape hatch in the floor here.
There is a fountain of sparkling water here.
There is a fountain of clear blue water here.
You see here a +0 short sword.
You see here a staff of poison.
There is a stone staircase leading up here.
You see here a +0 ring mail.
The goblin shouts!
You hear a shout!
The goblin closely misses you.
You closely miss the goblin. The goblin barely misses you.
You hit the goblin.
The goblin is severely wounded.
The goblin hits you with a +0 club.
You hit the goblin.
You kill the goblin!
No target in view!
Partly explored, can't reach some items and places.
Partly explored, can't reach some items and places.
Press: ? - help, v - describe, . - travel, g - get item
Items here: a +0 club; a goblin corpse.
The floor.
Something unseen opens the large door.
You sense a monster nearby.
Terence screams, "I'm going to kill you!"
Terence says, "Don't bother to defend, it's useless."
There is a stone staircase leading up here.
You fly upwards.
There is a stone staircase leading down here.
You fly downwards.
Level annotation: Terence
There is a stone staircase leading up here.
You fly upwards.
There is a stone staircase leading down here.
There is an open door here.
There is an open door here.
There is a stone staircase leading down here.
You fly downwards.
Level annotation: Terence
There is a stone staircase leading up here.
There is a stone staircase leading down here.
You fly downwards.
Found a blue potion.
There is a stone staircase leading up here.
An orc wizard comes into view. It is wielding a +0 dagger.
You see here a blue potion.
The orc wizard hits you with a +0 dagger.
You hit the orc wizard.
The orc wizard is lightly wounded.
The orc wizard misses you.
You miss the orc wizard.
The orc wizard is lightly wounded.
The orc wizard hits you with a +0 dagger.
You hit the orc wizard.
The orc wizard is lightly wounded.
The orc wizard gestures wildly while chanting.
The orc wizard flickers and vanishes!
Deactivating autopickup; reactivate with Ctrl-A.
You barely miss something. Something hits you.
You miss something.
A giant cockroach comes into view.
An orc comes into view. It is wielding a +0 falchion.
Something hits you but does no damage.
You miss something.
An orc priest comes into view. It is wielding a +0 flail.
Something hits you but does no damage. Something hits you but does no damage.
There is a stone staircase leading up here.
The orc priest shouts!
You fly upwards.
Level annotation: Terence Reactivating autopickup.
There is a stone staircase leading down here.
An orc is nearby!
An orc is nearby!
An orc is nearby!
Unknown command.
You barely miss the orc. The orc closely misses you.
You hit the orc.
You kill the orc!
Things that are here:
a +0 falchion; a +0 leather armour; an orc corpse
There is a stone staircase leading down here.
There is a stone staircase leading down here.
You fly downwards.
There is a stone staircase leading up here.
Found a cloak.
You see here a +0 cloak.
v - a +0 cloak You start putting on your armour.
You continue putting on your +0 cloak. x4
You finish putting on your +0 cloak.
A jackal comes into view.
A jackal comes into view.
You hit the jackal.
You kill the jackal!
You completely miss the jackal. The jackal closely misses you.
The jackal barely misses you.
You hit the jackal.
The jackal is heavily wounded.
The jackal barely misses you.
You barely miss the jackal.
The jackal is heavily wounded.
The jackal barely misses you.
The jackal bites you but does no damage.
You barely miss the jackal.
The jackal is heavily wounded.
The jackal bites you but does no damage. x2
You hit the jackal.
You kill the jackal!
No target in view!
You see here a jackal corpse.
A jelly and an orc come into view.
The orc shouts!
You hear a shout!
The orc hits you with a +0 trident.
You hit the orc.
The orc is heavily wounded.
The orc barely misses you.
You slash the orc!
You kill the orc!
You see here a +0 trident.
HP restored.
A jelly is nearby!
Unknown command.
Casting: Freeze (safe; 6% risk of failure)
Confirm with . or Enter, or press ? or * to list all spells.
You can't see any susceptible monsters within range! (Use Z to cast anyway.)
Casting: Freeze (safe; 6% risk of failure)
Confirm with . or Enter, or press ? or * to list all spells.
You can't see any susceptible monsters within range! (Use Z to cast anyway.)
The jelly quivers.
Casting: Freeze (safe; 6% risk of failure)
Confirm with . or Enter, or press ? or * to list all spells.
You can't see any susceptible monsters within range! (Use Z to cast anyway.)
Press: ? - help, v - describe, . - travel
Here: a jelly The floor.
Unknown command.
Throw: 8 boomerangs
Press: ? - help, Q - select action, (/) - cycle Shift-Dir - straight line, f - jelly
Aim: a jelly (89% to hit)
You throw a boomerang. The boomerang hits the jelly.
The jelly is moderately wounded.
Unknown command.
Throw: 8 boomerangs
Press: ? - help, Q - select action, (/) - cycle Shift-Dir - straight line, f/p - jelly
Aim: a jelly (moderately wounded, 89% to hit)
You throw a boomerang. The boomerang hits the jelly.
The jelly is heavily wounded.
Unknown command.
Throw: 8 boomerangs
Press: ? - help, Q - select action, (/) - cycle Shift-Dir - straight line, f/p - jelly
Aim: a jelly (heavily wounded, 89% to hit)
You throw a boomerang. The boomerang hits the jelly!
The jelly is almost dead.
Unknown command.
You slash the jelly!
You kill the jelly!
You have reached level 6!
An orc priest comes into view. It is wielding a +0 hand axe.
The orc priest shouts!
An orc priest comes into view. It is wielding a +0 whip.
Found a robe.
The orc priest invokes the aid of Beogh against you.
Beogh smites you!
Throw: 8 boomerangs
Press: ? - help, Q - select action, (/) - cycle Shift-Dir - straight line, f - orc priest
Aim: an orc priest, wielding a +0 whip (57% to hit)
You throw a boomerang.
The boomerang hits the orc priest but does no damage.
The orc priest mumbles some strange prayers to Beogh against you.
Pain shoots through your body!
You aren't carrying any items that you can evoke.
Unknown command.
Casting: Freeze (safe; 6% risk of failure)
Confirm with . or Enter, or press ? or * to list all spells.
Aiming: Poisonous Vapours (safe; 10% risk of failure)
Press: ? - help, Dir - move target, f - orc priest
Aim: an orc priest, wielding a +0 hand axe and wearing a +0 leather armour You miscast Poisonous Vapours.
You are very lightly contaminated with residual magic.
Nothing appears to happen.
Unknown command.
The orc priest attacks as you move away!
The orc priest hits you with a +0 hand axe.
You hit the orc priest.
The orc priest is moderately wounded.
The orc priest closely misses you.
You closely miss the orc priest.
The orc priest is moderately wounded.
The orc priest misses you.
The orc priest miscasts a cantrip.
The orc priest hits you but does no damage.
You closely miss the orc priest.
The orc priest is moderately wounded.
The orc priest hits you but does no damage.
You hit the orc priest.
You punch the orc priest, but do no damage.
The orc priest is heavily wounded.
The orc priest completely misses you.
You hit the orc priest.
The orc priest is severely wounded.
The orc priest looks braver for a moment.
The orc priest hits you with a +0 hand axe.
Your magical contamination has completely faded away.
You barely miss the orc priest.
The orc priest is severely wounded.
The orc priest miscasts a cantrip.
The orc priest hits you with a +0 hand axe.
You hit the orc priest.
The orc priest is almost dead.
The orc priest looks encouraged for a moment.
You hit the orc priest.
The orc priest is almost dead.
The orc priest mumbles some strange prayers to Beogh against you.
You struggle to resist.
You closely miss the orc priest.
The orc priest is almost dead.
The orc priest hits you with a +0 hand axe.
* * * LOW HITPOINT WARNING * * *
You hit the orc priest.
You kill the orc priest!
Your Stealth skill increases to level 2!
It was a potion of might.
You feel very mighty all of a sudden.
The orc priest hits you but does no damage.
You hit the orc priest.
The orc priest is moderately wounded.
The orc priest hits you with a +0 whip.
* * * LOW HITPOINT WARNING * * *
The orc priest barely misses you.
You slash the orc priest!
The orc priest is almost dead.
The orc priest hits you with a +0 whip.
* * * LOW HITPOINT WARNING * * *
You closely miss the orc priest.
The orc priest is almost dead.
The orc priest closely misses you.
You closely miss the orc priest.
The orc priest is almost dead.
The orc priest calls down the wrath of Beogh upon you.
Beogh smites you!
You die...

Skill      XL: |  1  2  3  4  5  6 |
---------------+-------------------+-----
Long Blades    | 2 3 |  3.4
Stealth        | 1 2 |  2.0
Spellcasting   | 3 |  3.4
Fighting       | |  2.9
Throwing       | |  0.7
Armour         | |  1.0
Dodging        | |  2.1

Action                     |  1- 3 |  4- 6 || total
---------------------------+-------+-------++-------
  Melee: Unarmed           |    10 |       ||    10
         Falchion          |    99 |   360 ||   459
         Punch             |       |     6 ||     6
         Dagger            |       |     1 ||     1
  Throw: Boomerang         |     1 |     4 ||     5
         Dart              |       |     4 ||     4
   Cast: Freeze            |     1 |     1 ||     2
    Use: Potion            |     1 |     1 ||     2
   Stab: Sleeping          |     3 |     4 ||     7
 Armour: Skin              |    11 |       ||    11
         Leather armour    |    22 |    51 ||    73
  Dodge: Dodged            |    54 |   113 ||   167

Levels and vault maps discovered:
D:1:      minmay_arrival_hallway, layout_rooms, minivault_26
D:2:      layout_basic, lexackson_kobold_supper
D:3:      layout_loops_ring, nicolae_overflow_hidden_temple,
          shapermc_ecumenical_altar_mp_ritualfount, minmay_misc_feat_square,
          supply_closet_lemuel, grunt_decor_arrowhead, uniq_terence
D:4:      layout_basic

Notes
Turn   | Place    | Note
-------+----------+-------------------------------------------
     0 | D:1      | scionoferis the Djinni Warper began the quest for the Orb.
     0 | D:1      | scionoferis set off with the following spells memorised:
                  | Blink, Lesser Beckoning, Vhi's Electric Charge, Teleport
                  | Other, Manifold Assault.
     0 | D:1      | Reached XP level 1. HP: 18/18 MP: 0/0
   170 | D:1      | Reached skill level 2 in Long Blades
   170 | D:1      | Reached XP level 2. HP: 14/23 MP: 0/0
   472 | D:1      | Reached XP level 3. HP: 16/28 MP: 0/0
   472 | D:1      | Learned a level 1 spell: Freeze
   943 | D:2      | Reached skill level 1 in Stealth
  1130 | D:2      | Reached XP level 4. HP: 33/33 MP: 0/0
  1239 | D:2      | Reached skill level 3 in Spellcasting
  1502 | D:2      | Reached XP level 5. HP: 39/39 MP: 0/0
  1502 | D:2      | Learned a level 2 spell: Poisonous Vapours
  2214 | D:3      | Noticed Terence
  2352 | D:3      | Reached skill level 3 in Long Blades
  2496 | D:3      | Found an iron altar of Okawaru.
  2548 | D:3      | Found a faded altar of an unknown god.
  3500 | D:4      | Reached XP level 6. HP: 45/45 MP: 0/0
  3521 | D:4      | Reached skill level 2 in Stealth
  3525 | D:4      | Killed from afar by an orc priest

Vanquished Creatures
  A jelly (D:4)
  An orc priest (D:4)
  9 adders (D:2 D:3)
  2 worms (D:2)
  4 orcs (D:2 D:3 D:4)
  9 ball pythons (D:1 D:2 D:3)
  4 bats (D:1 D:2 D:3)
  7 endoplasms (D:1 D:2 D:3)
  3 giant cockroaches (D:1 D:2)
  5 hobgoblins (D:1 D:2 D:3)
  2 jackals (D:4)
  12 kobolds (D:1 D:2 D:3)
  4 quokkas (D:1 D:2)
  6 frilled lizards (D:1 D:2)
  6 goblins (D:1 D:2 D:3)
  8 rats (D:1 D:2 D:3)
83 creatures vanquished.

Table legend: (Time is in decaauts)
 A = Elapsed time spent in this place.
 B = Non-inter-level travel time spent in this place.
 C = Inter-level travel time spent in this place.
 D = Time resting spent in this place.
 E = Time spent auto-exploring this place.
 F = Levels seen in this place.
 G = Mean time per level.
                   A        B        C        D        E       F      G
               +--------+--------+--------+--------+--------+-----+--------+
         Total |   3599 |   3359 |    240 |    211 |   2067 |   4 |  899.8 |
       Dungeon |   3599 |   3359 |    240 |    211 |   2067 |   4 |  899.8 |
               +--------+--------+--------+--------+--------+-----+--------+

Top non-repeatable levels by time:
     D:2: 1504 daAuts
     D:3: 1111 daAuts
     D:1: 848 daAuts
     D:4: 135 daAuts

Table legend:
 A = Non-vault XP
 B = Vault XP
 C = Vault XP percentage of total XP
 D = Non-vault monster count
 E = Vault monster count
 F = Vault count percentage of total count
                 A         B        C        D         E       F
            +---------+---------+-------+---------+---------+-------
      Total |     319 |       9 |   2.7 |      75 |       8 |   9.6
            +---------+---------+-------+---------+---------+-------
        D:1 |      40 |       0 |   0.0 |      26 |       0 |   0.0
        D:2 |     106 |       9 |   7.8 |      25 |       8 |  24.2
        D:3 |      82 |       0 |   0.0 |      19 |       0 |   0.0
        D:4 |      91 |       0 |   0.0 |       5 |       0 |   0.0
            +---------+---------+-------+---------+---------+-------
